 Dungeon Crawl Stone Soup version 0.31.0-11-ge490571c62 (webtiles) character file.

Game seed: 4607965640791389071

3773 Thrivaldi the Blocker (level 10, -10/82 HPs)
             Began as a Gnoll Fighter on Feb 5, 2024.
             Was an Initiate of Gozag.
             Mangled by a vampire (12 damage)
             ... on level 9 of the Dungeon on Feb 6, 2024.
             The game lasted 00:27:22 (8337 turns).

Thrivaldi the Blocker (Gnoll Fighter)               Turns: 8337, Time: 00:27:23

Health: -10/82     AC:  8    Str: 18    XL:     10   Next: 16%
Magic:  17/17      EV: 11    Int: 13    God:    Gozag
Gold:   575        SH:  6    Dex: 11    Spells: 10/19 levels left

rFire   + + .        j - +11 dagger "Bynus" {freeze, rF++ rC+}
rCold   + + .        c - +0 buckler
rNeg    . . .        b - +0 scale mail
rPois   .            (no helmet)
rElec   .            (no cloak)
rCorr   .            (no gloves)
SInv    .            (no boots)
Will    .....        y - amulet "Folagitt" {Acrobat Regen+ Str+3}
Stlth   +            m - ring of protection from fire
HPRegen 1.13/turn    t - ring of ice
MPRegen 0.15/turn

%: acrobat
@: mighty
A: fangs 1, strong nose, distributed training
a: Renounce Religion, Potion Petition, Call Merchant, Bribe Branch


You were on level 9 of the Dungeon.
You worshipped Gozag.
Gozag was pleased with you.
You visited 1 branch of the dungeon, and saw 9 of its levels.

You collected 1253 gold pieces.
You spent 561 gold pieces at shops.
You paid 117 gold pieces to Gozag.

Inventory:

Hand Weapons
 a - a +3 war axe
 j - the +11 dagger "Bynus" (weapon) {freeze, rF++ rC+}
   (You found it on level 6 of the Dungeon)

   rF++:      It greatly protects you from fire.
   rC+:       It protects you from cold.
Missiles
 s - 5 silver javelins
Armour
 b - a +0 scale mail (worn)
 c - a +0 buckler (worn)
Jewellery
 m - a ring of protection from fire (left hand)
 t - a ring of ice (right hand)
 y - the amulet "Folagitt" (around neck) {Acrobat Regen+ Str+3}
   (You found it on level 7 of the Dungeon)

   [amulet of the acrobat]

   Acrobat:   It increases your evasion while moving and waiting.
   Str+3:     It affects your strength (+3).
   Regen+:    It increases your rate of health regeneration.
 A - a ring of magical power
 B - a ring of see invisible
Talismans
 f - a maw talisman
Wands
 g - a wand of flame (8)
 h - a wand of mindburst (23)
 l - a wand of roots (6)
 p - a wand of polymorph (2)
 x - a wand of light (5)
Scrolls
 d - 3 scrolls of amnesia
 e - 2 scrolls of silence
 i - 2 scrolls of immolation
 k - a scroll of enchant weapon
 v - a scroll of revelation
Potions
 n - 2 potions of heal wounds
 r - a potion of degeneration {unknown}
 u - a potion of brilliance {unknown}
 w - a potion of ambrosia
 z - a potion of lignification
Miscellaneous
 o - a condenser vane (inert)


   Skills:
 + Level 8.4 Fighting
 + Level 5.2 Short Blades
 + Level 5.2 Long Blades
 + Level 7.0 Axes
 + Level 5.2 Maces & Flails
 + Level 5.2 Polearms
 + Level 5.2 Staves
 + Level 5.2 Ranged Weapons
 + Level 5.2 Throwing
 + Level 8.4 Armour
 + Level 5.2 Dodging
 + Level 5.2 Stealth
 + Level 8.4 Shields
 + Level 5.2 Unarmed Combat
 + Level 5.2 Spellcasting
 + Level 4.3 Conjurations
 + Level 4.3 Hexes
 + Level 4.3 Summonings
 + Level 4.3 Necromancy
 + Level 4.3 Translocations
 + Level 4.3 Fire Magic
 + Level 4.3 Ice Magic
 + Level 4.3 Air Magic
 + Level 4.3 Earth Magic
 + Level 4.3 Alchemy
 + Level 5.7 Invocations
 + Level 5.2 Evocations
 + Level 4.7 Shapeshifting


You had 10 spell levels left.
You knew the following spells:

 Your Spells              Type           Power      Damage    Failure   Level
a - Freeze                Ice            84%        1d9       10%         1
b - Jinxbite              Hex            28%        N/A       16%         2
c - Frozen Ramparts       Ice            42%        1d7       30%         3
d - Summon Ice Beast      Ice/Summ       21%        N/A       30%         3

Your spell library contained the following spells:

 Spells                   Type           Power      Damage    Failure   Level
 Apportation              Tloc           28%        N/A       10%         1
 Hailstorm                Conj/Ice       21%        3d7       30%         3
 Volatile Blastmotes      Fire/Tloc      28%        2d12      30%         3
 Fulminant Prism          Conj/Alch      7%         3d6       69%         4
 Iskenderun's Mystic Bla  Conj/Tloc      14%        2d5       69%         4
 Alistair's Intoxication  Alch           9%         N/A       95%         5
 Sculpt Simulacrum        Ice/Alch       10%        N/A       100%        6


Dungeon Overview and Level Annotations

Branches:
Dungeon (9/15)             Temple (0/1) D:5
   Lair: D:8-11         Orc: D:9-12

Altars:
Gozag
Hepliaklqana

Shops:
D:1 *   D:5 =


Innate Abilities, Weirdness & Mutations

You have very sharp teeth.
Your uncanny sense of smell can sniff out nearby items.
Your experience applies equally to all skills.


Message History

Something bites you but does no damage.
Unknown command.
Aiming: Bolt of Light
Press: ? - help, Shift-Dir - straight line Something draws life force from you.
Unknown command.
You barely miss something. Something hits you! Something bites you!
Something draws strength from your injuries!
You hit something. Your bite misses something.
Something draws life force from you!
You miss something.
Unknown command.
Aiming: Fastroot
Press: ? - help, Shift-Dir - straight line, f - you The roots erupt in riotous growth!
Roots grab something.
The grasping roots constrict something.
Something hits you. Something bites you but does no damage.
Unknown command.
The grasping roots constrict something!
You block something's attack. Something bites you!
Something draws strength from your injuries!
You hit something but do no damage. Something hits you!
* * * LOW HITPOINT WARNING * * *
Something bites you!
* * * LOW HITPOINT WARNING * * *
Something draws strength from your injuries!
Unknown command.
Clouds condense from the air!
The condenser dries out!
Something hits you but does no damage. Something bites you but does no damage.
Something closely misses you. x2
Something hits you.
* * * LOW HITPOINT WARNING * * *
Something closely misses you.
You feel very mighty all of a sudden. Something hits you!
* * * LOW HITPOINT WARNING * * *
Something bites you!
You die...
Your body crumbles into a pile of gold.

# #.##.#.....# #.
#...#....#
##.########[##.#
.............#.# ##
...#..).#.#..#.# ..
##..$#.#..#.# .# .
##$$.....#.# .# ..
##...#.[..§§##.#
...#.........§..@.#
....<...####.######
^.......# #.#
........# #.
........# #
####...... ########


There were no monsters in sight!

Vanquished Creatures
  A hornet (D:8)
  Prince Ribbit (D:5)
  A water moccasin (D:8)
  3 sky beasts
  2 ogres (D:6)
  3 centaurs
  3 phantoms
  A kobold brigand (D:8)
  4 bullfrogs
  Blork the orc (D:4)
  5 scorpions
  5 wights (D:8)
  5 killer bees (D:8)
  4 howler monkeys
  5 hounds
  3 orc priests
  2 sleepcaps (D:5)
  3 jellies
  Ijyb (D:5)
  Terence (D:3)
  4 iguanas
  4 orc wizards
  Robin (D:2)
  A gnoll (D:1)
  12 adders
  11 river rats (D:6)
  2 ufetubi (D:6)
  2 dart slugs
  2 ribbon worms (D:3)
  32 orcs
  6 endoplasms
  7 giant cockroaches
  16 goblins
  6 hobgoblins
  13 jackals
  8 quokkas
  12 ball pythons
  3 bats
  A frilled lizard (D:2)
  5 kobolds
  18 rats
220 creatures vanquished.

Notes
Turn   | Place    | Note
-------+----------+-------------------------------------------
     0 | D:1      | Thrivaldi the Gnoll Fighter began the quest for the Orb.
     0 | D:1      | Reached XP level 1. HP: 23/23 MP: 1/1
   121 | D:1      | Reached XP level 2. HP: 29/29 MP: 2/2
   144 | D:1      | Found Qocij's General Store.
   239 | D:2      | Noticed Robin
   251 | D:2      | Reached XP level 3. HP: 22/35 MP: 3/3
   253 | D:2      | Killed Robin
   254 | D:2      | Reached skill level 1 in Invocations
   276 | D:3      | Reached skill level 1 in Short Blades
   276 | D:3      | Reached skill level 1 in Long Blades
   276 | D:3      | Reached skill level 1 in Maces & Flails
   276 | D:3      | Reached skill level 1 in Polearms
   276 | D:3      | Reached skill level 1 in Staves
   276 | D:3      | Reached skill level 1 in Ranged Weapons
   276 | D:3      | Reached skill level 1 in Throwing
   276 | D:3      | Reached skill level 1 in Dodging
   276 | D:3      | Reached skill level 1 in Stealth
   276 | D:3      | Reached skill level 1 in Unarmed Combat
   276 | D:3      | Reached skill level 1 in Spellcasting
   276 | D:3      | Reached skill level 1 in Evocations
   281 | D:3      | Reached skill level 1 in Shapeshifting
   281 | D:3      | Reached XP level 4. HP: 4/41 MP: 5/5
   435 | D:3      | Reached skill level 1 in Conjurations
   435 | D:3      | Reached skill level 1 in Hexes
   435 | D:3      | Reached skill level 1 in Summonings
   435 | D:3      | Reached skill level 1 in Necromancy
   435 | D:3      | Reached skill level 1 in Translocations
   435 | D:3      | Reached skill level 1 in Fire Magic
   435 | D:3      | Reached skill level 1 in Ice Magic
   435 | D:3      | Reached skill level 1 in Air Magic
   435 | D:3      | Reached skill level 1 in Earth Magic
   435 | D:3      | Reached skill level 1 in Alchemy
   612 | D:4      | Noticed a scorpion
   613 | D:4      | Killed a scorpion
   614 | D:4      | Reached XP level 5. HP: 47/47 MP: 5/7
   816 | D:5      | Entered Level 5 of the Dungeon
   817 | D:5      | Found Cassyig's Jewellery Shoppe.
   822 | D:5      | Noticed Prince Ribbit
   829 | D:5      | Reached XP level 6. HP: 39/53 MP: 8/8
   842 | D:5      | Reached skill level 5 in Axes
   843 | D:5      | Killed Prince Ribbit
   844 | D:5      | Reached XP level 7. HP: 20/60 MP: 8/10
  1420 | D:6      | Reached XP level 8. HP: 16/67 MP: 12/12
  1514 | D:6      | Learned a level 1 spell: Freeze
  1682 | D:6      | Learned a level 2 spell: Jinxbite
  2089 | D:6      | Found an opulent altar of Gozag.
  2127 | D:6      | Became a worshipper of Gozag Ym Sagoz the Greedy
  2393 | D:6      | Identified the +11 dagger "Bynus" {freeze, rF++ rC+}
  2667 | D:5      | Found a staircase to the Ecumenical Temple.
  2687 | D:5      | Learned a level 3 spell: Frozen Ramparts
  3407 | D:5      | Noticed Ijyb
  3415 | D:5      | Killed Ijyb
  3842 | D:4      | Reached XP level 9. HP: 41/73 MP: 8/14
  3969 | D:4      | Noticed Blork the orc
  3977 | D:4      | Killed Blork the orc
  4785 | D:3      | Noticed Terence
  4791 | D:3      | Killed Terence
  5526 | D:1      | Bought a condenser vane for 480 gold pieces
  5526 | D:1      | Bought a wand of polymorph (2) for 33 gold pieces
  5526 | D:1      | Bought a potion of might for 48 gold pieces
  6395 | D:1      | Learned a level 3 spell: Summon Ice Beast
  6753 | D:7      | Found a hazy altar of Hepliaklqana.
  6894 | D:7      | You fall into a shaft and drop 1 floor!
  7058 | D:7      | Identified the amulet "Folagitt" {Acrobat Regen+ Str+3}
  7436 | D:8      | Noticed a hornet
  7449 | D:8      | Reached skill level 5 in Invocations
  7449 | D:8      | Killed a hornet
  7617 | D:8      | Reached skill level 5 in Short Blades
  7617 | D:8      | Reached skill level 5 in Long Blades
  7617 | D:8      | Reached skill level 5 in Maces & Flails
  7617 | D:8      | Reached skill level 5 in Polearms
  7617 | D:8      | Reached skill level 5 in Staves
  7617 | D:8      | Reached skill level 5 in Ranged Weapons
  7617 | D:8      | Reached skill level 5 in Throwing
  7617 | D:8      | Reached skill level 5 in Dodging
  7617 | D:8      | Reached skill level 5 in Stealth
  7617 | D:8      | Reached skill level 5 in Unarmed Combat
  7617 | D:8      | Reached skill level 5 in Spellcasting
  7617 | D:8      | Reached skill level 5 in Evocations
  7617 | D:8      | Reached XP level 10. HP: 54/81 MP: 17/17
  8337 | D:9      | HP: 2/82 [something (7)]
  8337 | D:9      | Mangled by a vampire

Illustrated notes

Levels and vault maps discovered:
D:1:      saegor_arrival_simple_e, layout_loops_corners, serial_shops,
          nicolae_shop_tiny_real_fake_doors, st_stairs_3,
          minmay_misc_feat_cross, minmay_worlds_worst_comb
D:2:      layout_rooms, uniq_robin
D:3:      layout_loops_ring, uniq_terence
D:4:      layout_loops_ring, uniq_blork_the_orc
D:5:      layout_basic, minmay_temple_entry_ruins, serial_shops,
          nicolae_shop_gaudy_bauble, uniq_prince_ribbit1, uniq_ijyb
D:6:      lemuel_ratsnest, layout_gridville, grunt_gozag_breadcrumbs
D:7:      layout_loops_cross, mainiacjoe_overflow_surrounded_room,
          nrook_pool_corridor
D:8:      layout_basic
D:9:      layout_loops_ring, serial_shops, nicolae_shop_rolling_square,
          minmay_fractal_squares_gapless_7

Skill      XL: |  1  2  3  4  5  6  7  8  9 10 |
---------------+-------------------------------+-----
Invocations    | 1 2 3 4 5 |  5.7
Short Blades   | 1 2 3 5 |  5.2
Long Blades    | 1 2 3 5 |  5.2
Maces & Flails | 1 2 3 5 |  5.2
Polearms       | 1 2 3 5 |  5.2
Staves         | 1 2 3 5 |  5.2
Ranged Weapons | 1 2 3 5 |  5.2
Throwing       | 1 2 3 5 |  5.2
Dodging        | 1 2 3 5 |  5.2
Stealth        | 1 2 3 5 |  5.2
Unarmed Combat | 1 2 3 5 |  5.2
Spellcasting   | 1 2 3 5 |  5.2
Evocations     | 1 2 3 5 |  5.2
Shapeshifting  | 1 2 3 4 |  4.7
Conjurations   | 1 2 3 4 |  4.3
Hexes          | 1 2 3 4 |  4.3
Summonings     | 1 2 3 4 |  4.3
Necromancy     | 1 2 3 4 |  4.3
Translocations | 1 2 3 4 |  4.3
Fire Magic     | 1 2 3 4 |  4.3
Ice Magic      | 1 2 3 4 |  4.3
Air Magic      | 1 2 3 4 |  4.3
Earth Magic    | 1 2 3 4 |  4.3
Alchemy        | 1 2 3 4 |  4.3
Axes           | 5 6 7 |  7.0
Fighting       | 7 8 |  8.4
Armour         | 7 8 |  8.4
Shields        | 7 8 |  8.4

Action                     |  1- 3 |  4- 6 |  7- 9 | 10-12 || total
---------------------------+-------+-------+-------+-------++-------
  Melee: War axe           |    47 |    29 |   148 |       ||   224
         Bite              |     5 |     3 |    23 |     1 ||    32
         Dagger            |       |       |   203 |    13 ||   216
         Maw               |       |       |     4 |       ||     4
  Throw: Dart              |       |       |     1 |     1 ||     2
   Cast: Freeze            |       |       |    11 |       ||    11
         Jinxbite          |       |       |     8 |       ||     8
         Frozen Ramparts   |       |       |    14 |       ||    14
  Evoke: Wand              |       |     4 |    15 |     5 ||    24
         Condenser vane    |       |       |       |     1 ||     1
    Use: Scroll            |     1 |     4 |     8 |     2 ||    15
         Potion            |     1 |       |     3 |     1 ||     5
   Stab: Invisible         |       |       |     2 |     1 ||     3
         Sleeping          |       |       |     1 |       ||     1
         Distracted        |       |       |     1 |     1 ||     2
 Armour: Scale mail        |    56 |    16 |   241 |    22 ||   335
         Skin              |       |       |    11 |       ||    11
  Dodge: Dodged            |    30 |    13 |   177 |    10 ||   230
  Block: Buckler           |    19 |     9 |   112 |     4 ||   144
         Form:             |       |     1 |     2 |       ||     3
         Maw               |       |     1 |     2 |       ||     3
